TOP OF THE 1ST |
Calgary Flames batting - Pitching for Madison Brewers : RHP Ryan Powers
|
Pitching: RHP Ryan Powers
|
|
Batting: RHB Yuusei Narita
|
0-0: Called Strike 0-1: Fly out, F4 (Popup, 4S, EV 86.9 MPH)
|
Batting: SHB Erick Hamburger
|
0-0: Ground out 5-3 (Groundball, 25, EV 84.4 MPH)
|
Batting: RHB Kevin Davis
|
0-0: Ball 1-0: Foul Ball, location: 2F 1-1: Ball 2-1: Ball 3-1: SOLO HOME RUN (Flyball, 7D, EV 98.8 MPH), Distance : 360 ft
|
Batting: LHB Dean Luttman
|
0-0: SINGLE (Flyball, 8LS, EV 95.0 MPH)
|
Batting: RHB Victor Contreras
|
0-0: Called Strike 0-1: Called Strike 0-2: Foul Ball, location: 2F 0-2: Ball 1-2: Foul Ball, location: 2F 1-2: Foul Ball, location: 2F 1-2: Foul Ball, location: 2F 1-2: Ball 2-2: SINGLE (Groundball, 4M, EV 105.6 MPH) (infield hit) Dean Luttman to second
|
Batting: LHB Justin Daley
|
0-0: Ball 1-0: Ball 2-0: Called Strike 2-1: Swinging Strike 2-2: Ground out U3 (Groundball, 3, EV 86.9 MPH)
|
Top of the 1st over - 1 run, 3 hits, 0 errors, 2 left on base; Calgary 1 - Madison 0 |
BOTTOM OF THE 1ST |
Madison Brewers batting - Pitching for Calgary Flames : RHP Brice MacKenzie
|
Pitching: RHP Brice MacKenzie
|
|
Batting: RHB Mohammed bin Ubaida
|
0-0: Called Strike 0-1: Ball 1-1: Ball 2-1: Ball 3-1: Base on Balls
|
Batting: RHB Lorenzo Diaz
|
0-0: Ball Mohammed bin Ubaida steals 2nd base 1-0: Called Strike 1-1: Ball 2-1: SINGLE (Groundball, 56, EV 98.1 MPH) (infield hit) Mohammed bin Ubaida to third
|
Batting: RHB Steve Errico
|
0-0: Ball 1-0: Fly out, F8 (Flyball, 8LS, EV 89.4 MPH)
|
Batting: RHB Tony Beaumond
|
0-0: Called Strike Lorenzo Diaz is caught stealing 2nd base 2-4 0-1: Hit by Pitch
|
Batting: RHB Xiao-shuang Au
|
0-0: Ball 1-0: 3-RUN HOME RUN (Flyball, 7D, EV 94.4 MPH), Distance : 352 ft
|
Batting: LHB Jesus Huante
|
0-0: Foul Ball, location: 2F 0-1: Foul Ball, location: 2F 0-2: Ball 1-2: Strikes out swinging
|
Bottom of the 1st over - 3 runs, 2 hits, 0 errors, 0 left on base; Calgary 1 - Madison 3 |
TOP OF THE 2ND |
Calgary Flames batting - Pitching for Madison Brewers : RHP Ryan Powers
|
Batting: RHB Mike MacLeod
|
0-0: Ball 1-0: Called Strike 1-1: Swinging Strike 1-2: Ball 2-2: Ball 3-2: Fly out, F8 (Flyball, 8LD, EV 105.6 MPH)
|
Batting: SHB Shawnie Codbucket
|
0-0: Ball 1-0: Swinging Strike 1-1: Swinging Strike 1-2: Foul Ball, location: 2F 1-2: Ball 2-2: Strikes out swinging
|
Batting: RHB Hugo Montemayor
|
0-0: Foul Ball, location: 2F 0-1: Ball 1-1: Ball 2-1: Foul Ball, location: 2F 2-2: Strikes out looking
|
Top of the 2nd over - 0 runs, 0 hits, 0 errors, 0 left on base; Calgary 1 - Madison 3 |
BOTTOM OF THE 2ND |
Madison Brewers batting - Pitching for Calgary Flames : RHP Brice MacKenzie
|
Batting: RHB Manny Olave
|
0-0: Foul Ball, location: 2F 0-1: DOUBLE (Flyball, 8RXD, EV 112.5 MPH)
|
Batting: RHB Troy Morin
|
0-0: Ball 1-0: Fly out, F8 (Flyball, 8LXD, EV 91.9 MPH) Runner from 2nd tags up, SAFE at 3rd, no throw by CF
|
Batting: RHB Malcolm McCauley
|
0-0: Ground out 4-3 (Groundball, 4, EV 108.8 MPH) Manny Olave scores
|
Batting: RHB Mohammed bin Ubaida
|
0-0: Ball 1-0: Ground out 6-3 (Groundball, 6, EV 86.9 MPH)
|
Bottom of the 2nd over - 1 run, 1 hit, 0 errors, 0 left on base; Calgary 1 - Madison 4 |
TOP OF THE 3RD |
Calgary Flames batting - Pitching for Madison Brewers : RHP Ryan Powers
|
Batting: RHB Yuusei Narita
|
0-0: Called Strike 0-1: Foul Ball, location: 2F 0-2: Ball 1-2: Ground out 5-3 (Groundball, 56, EV 105.0 MPH)
|
Batting: SHB Erick Hamburger
|
0-0: Ball 1-0: Ball 2-0: Called Strike 2-1: Foul Ball, location: 2F 2-2: Foul Ball, location: 2F 2-2: Ball 3-2: Base on Balls
|
Batting: RHB Kevin Davis
|
0-0: Ball Erick Hamburger steals 2nd, throwing error, E2 Erick Hamburger to third 1-0: Ball 2-0: Called Strike 2-1: DOUBLE (Line Drive, 9LM, EV 103.1 MPH) Erick Hamburger scores
|
Batting: LHB Dean Luttman
|
0-0: Ball 1-0: Fly out, F8 (Line Drive, 8RD, EV 91.2 MPH)
|
Batting: RHB Victor Contreras
|
0-0: Ball 1-0: Foul Ball, location: 2F 1-1: Ball 2-1: Fly out, F8 (Flyball, 8LD, EV 93.8 MPH)
|
Top of the 3rd over - 1 run, 1 hit, 1 error, 1 left on base; Calgary 2 - Madison 4 |
BOTTOM OF THE 3RD |
Madison Brewers batting - Pitching for Calgary Flames : RHP Brice MacKenzie
|
Batting: RHB Lorenzo Diaz
|
0-0: Foul Ball, location: 2F 0-1: Foul Ball, location: 2F 0-2: Strikes out swinging
|
Batting: RHB Steve Errico
|
0-0: Foul Ball, location: 2F 0-1: SINGLE (Groundball, 56D, EV 96.2 MPH)
|
Batting: RHB Tony Beaumond
|
0-0: Foul Ball, location: 2F 0-1: Foul Ball, location: 2F 0-2: Grounds into double play, 4-6-3 (Groundball, 4, EV 93.1 MPH)
|
Bottom of the 3rd over - 0 runs, 1 hit, 0 errors, 0 left on base; Calgary 2 - Madison 4 |
TOP OF THE 4TH |
Calgary Flames batting - Pitching for Madison Brewers : RHP Ryan Powers
|
Batting: LHB Justin Daley
|
0-0: Ground out 6-3 (Groundball, 6, EV 102.5 MPH)
|
Batting: RHB Mike MacLeod
|
0-0: Ball 1-0: Foul Ball, location: 2F 1-1: Foul Ball, location: 2F 1-2: SINGLE (Line Drive, 6MD, EV 107.5 MPH)
|
Batting: SHB Shawnie Codbucket
|
0-0: Called Strike 0-1: SINGLE (Line Drive, 7LM, EV 87.5 MPH) Mike MacLeod to second
|
Batting: RHB Hugo Montemayor
|
0-0: Fly out, F8 (Line Drive, 8RM, EV 86.9 MPH)
|
Batting: RHB Yuusei Narita
|
0-0: Fly out, F9 (Flyball, 9, EV 90.6 MPH)
|
Top of the 4th over - 0 runs, 2 hits, 0 errors, 2 left on base; Calgary 2 - Madison 4 |
BOTTOM OF THE 4TH |
Madison Brewers batting - Pitching for Calgary Flames : RHP Brice MacKenzie
|
Batting: RHB Xiao-shuang Au
|
0-0: Called Strike 0-1: Called Strike 0-2: Foul Ball, location: 2F 0-2: Strikes out swinging
|
Batting: LHB Jesus Huante
|
0-0: Called Strike 0-1: Ball 1-1: Ground out 6-3 (Groundball, 6, EV 81.9 MPH)
|
Batting: RHB Manny Olave
|
0-0: Ground out 4-3 (Groundball, 4, EV 83.8 MPH)
|
Bottom of the 4th over - 0 runs, 0 hits, 0 errors, 0 left on base; Calgary 2 - Madison 4 |
TOP OF THE 5TH |
Calgary Flames batting - Pitching for Madison Brewers : RHP Ryan Powers
|
Batting: SHB Erick Hamburger
|
0-0: Ball 1-0: Ground out 4-3 (Groundball, 4S, EV 91.9 MPH)
|
Batting: RHB Kevin Davis
|
0-0: Ball 1-0: Ball 2-0: Ball 3-0: Base on Balls
|
Batting: LHB Dean Luttman
|
0-0: Called Strike 0-1: Ball 1-1: Called Strike 1-2: Fielders Choice at 2nd, 3-6 (Groundball, 34, EV 88.1 MPH)
|
Batting: RHB Victor Contreras
|
0-0: Called Strike 0-1: Fly out, F8 (Line Drive, 8LM, EV 90.6 MPH)
|
Top of the 5th over - 0 runs, 0 hits, 0 errors, 1 left on base; Calgary 2 - Madison 4 |
BOTTOM OF THE 5TH |
Madison Brewers batting - Pitching for Calgary Flames : RHP Brice MacKenzie
|
Batting: RHB Troy Morin
|
0-0: Ground out 6-3 (Groundball, 56, EV 110.6 MPH)
|
Batting: RHB Malcolm McCauley
|
0-0: Ball 1-0: Called Strike 1-1: Fly out, F8 (Flyball, 8RD, EV 93.8 MPH)
|
Batting: RHB Mohammed bin Ubaida
|
0-0: Called Strike 0-1: Ball 1-1: SINGLE (Groundball, 56S, EV 68.1 MPH) (infield hit)
|
Batting: RHB Lorenzo Diaz
|
0-0: Ball 1-0: Swinging Strike 1-1: Called Strike 1-2: Ball 2-2: Ball 3-2: Ground out 6-3 (Groundball, 6, EV 106.9 MPH)
|
Bottom of the 5th over - 0 runs, 1 hit, 0 errors, 1 left on base; Calgary 2 - Madison 4 |
TOP OF THE 6TH |
Calgary Flames batting - Pitching for Madison Brewers : RHP Ryan Powers
|
Batting: LHB Justin Daley
|
0-0: Ball 1-0: Called Strike 1-1: Ball 2-1: Swinging Strike 2-2: Ground out 4-3 (Groundball, 4, EV 105.6 MPH)
|
Batting: RHB Mike MacLeod
|
0-0: Ball 1-0: Foul Ball, location: 2F 1-1: Ball 2-1: Called Strike 2-2: Ball 3-2: Foul Ball, location: 2F 3-2: Ground out 5-3 (Groundball, 56, EV 80.6 MPH)
|
Batting: SHB Shawnie Codbucket
|
0-0: Ball 1-0: DOUBLE (Line Drive, 78D, EV 103.8 MPH)
|
Batting: RHB Hugo Montemayor
|
0-0: Ball 1-0: Called Strike 1-1: Foul Ball, location: 2F 1-2: Ball 2-2: Strikes out swinging
|
Top of the 6th over - 0 runs, 1 hit, 0 errors, 1 left on base; Calgary 2 - Madison 4 |
BOTTOM OF THE 6TH |
Madison Brewers batting - Pitching for Calgary Flames : RHP Brice MacKenzie
|
Batting: RHB Steve Errico
|
0-0: Ground out 5-3 (Groundball, 5S, EV 66.2 MPH)
|
Batting: RHB Tony Beaumond
|
0-0: Ball 1-0: Ball 2-0: Called Strike 2-1: Foul Ball, location: 2F 2-2: Foul Ball, location: 2F 2-2: Foul Ball, location: 2F 2-2: Fly out, F8 (Flyball, 8LM, EV 89.4 MPH)
|
Batting: RHB Xiao-shuang Au
|
0-0: Ball 1-0: DOUBLE (Line Drive, 7LM, EV 86.9 MPH)
|
Batting: LHB Jesus Huante
|
0-0: Ball 1-0: Called Strike 1-1: Ball 2-1: Fly out, F6 (Popup, 6MS, EV 63.8 MPH)
|
Bottom of the 6th over - 0 runs, 1 hit, 0 errors, 1 left on base; Calgary 2 - Madison 4 |
TOP OF THE 7TH |
Calgary Flames batting - Pitching for Madison Brewers : RHP Ryan Powers
|
Batting: RHB Yuusei Narita
|
0-0: Ball 1-0: Fly out, F7 (Flyball, 7, EV 90.6 MPH)
|
Batting: SHB Erick Hamburger
|
0-0: Fly out, F8 (Flyball, 78D, EV 90.6 MPH)
|
Batting: RHB Kevin Davis
|
0-0: Ball 1-0: Ball 2-0: Ball 3-0: Called Strike 3-1: Foul Ball, location: 2F 3-2: Foul Ball, location: 2F 3-2: Foul Ball, location: 2F 3-2: Ground out 6-3 (Groundball, 6MD, EV 86.9 MPH)
|
Top of the 7th over - 0 runs, 0 hits, 0 errors, 0 left on base; Calgary 2 - Madison 4 |
BOTTOM OF THE 7TH |
Madison Brewers batting - Pitching for Calgary Flames : RHP Brice MacKenzie
|
Batting: RHB Manny Olave
|
0-0: Swinging Strike 0-1: Ball 1-1: Foul Ball, location: 2F 1-2: Ball 2-2: DOUBLE (Line Drive, 5D, EV 95.6 MPH)
|
Batting: LHB Alex Chairez
|
0-0: Ball 1-0: Called Strike 1-1: Ball 2-1: Fly out, F7 (Line Drive, 7D, EV 88.8 MPH)
|
Batting: RHB Malcolm McCauley
|
0-0: Fly out, F8 (Flyball, 8RD, EV 89.4 MPH)
|
Batting: RHB Mohammed bin Ubaida
|
0-0: Ball 1-0: Ball 2-0: Ball 3-0: Called Strike 3-1: Foul Ball, location: 2F 3-2: Foul Ball, location: 2F 3-2: Foul Ball, location: 2F 3-2: Base on Balls
|
Batting: RHB Lorenzo Diaz
|
0-0: Ball 1-0: Foul Ball, location: 2F 1-1: Ball 2-1: Foul Ball, location: 2F 2-2: Strikes out looking
|
Bottom of the 7th over - 0 runs, 1 hit, 0 errors, 2 left on base; Calgary 2 - Madison 4 |
TOP OF THE 8TH |
Calgary Flames batting - Pitching for Madison Brewers : RHP Ryan Powers
|
Batting: LHB Dean Luttman
|
0-0: Foul Ball, location: 2F 0-1: Swinging Strike 0-2: SINGLE (Groundball, P, EV 80.6 MPH) (infield hit)
|
Pitching: RHP Wiliama Dana
|
|
Batting: RHB Victor Contreras
|
0-0: Swinging Strike 0-1: Called Strike 0-2: Ball 1-2: SINGLE (Line Drive, 4MD, EV 100.0 MPH) Dean Luttman to second
|
Batting: LHB Justin Daley
|
0-0: Ball 1-0: Swinging Strike 1-1: Ball 2-1: Ball 3-1: Swinging Strike 3-2: SINGLE (Line Drive, 78S, EV 108.1 MPH) Dean Luttman to third Victor Contreras to second
|
Batting: RHB Mike MacLeod
|
0-0: Ball 1-0: Called Strike 1-1: Fly out, F9 (Line Drive, 9LM, EV 88.1 MPH) Runner from 3rd tags up, SCORES, no throw by RF
|
Pinch Hitting: RHB Ricardo Ortiz
|
0-0: Called Strike 0-1: Fly out, F4 (Popup, 4M, EV 70.6 MPH)
|
Batting: RHB Hugo Montemayor
|
0-0: Foul Ball, location: 2F 0-1: Swinging Strike 0-2: Ground out 4-3 (Groundball, 4, EV 107.5 MPH)
|
Top of the 8th over - 1 run, 3 hits, 0 errors, 2 left on base; Calgary 3 - Madison 4 |
BOTTOM OF THE 8TH |
Madison Brewers batting - Pitching for Calgary Flames : RHP Brice MacKenzie
|
Pitching: LHP Ricardo de la Torre
|
|
Now at C: Kevin Davis
|
|
Now at 1B: Ricardo Ortiz
|
|
Batting: RHB Steve Errico
|
0-0: Ball 1-0: Ball 2-0: Ball 3-0: Foul Ball, location: 2F 3-1: Base on Balls
|
Batting: RHB Tony Beaumond
|
0-0: Fielders Choice at 2nd, 4-6 (Groundball, 4M, EV 108.1 MPH)
|
Batting: RHB Xiao-shuang Au
|
0-0: Ball 1-0: Ball 2-0: Fly out, F2 (Popup, 23F, EV 84.4 MPH)
|
Batting: LHB Jesus Huante
|
0-0: Ball 1-0: Fly out, F7 (Flyball, 7, EV 88.1 MPH)
|
Bottom of the 8th over - 0 runs, 0 hits, 0 errors, 1 left on base; Calgary 3 - Madison 4 |
TOP OF THE 9TH |
Calgary Flames batting - Pitching for Madison Brewers : RHP Wiliama Dana
|
Batting: RHB Yuusei Narita
|
0-0: Called Strike 0-1: Fly out, F9 (Line Drive, 89M, EV 111.9 MPH)
|
Pinch Hitting: RHB Jon Groseclose
|
0-0: Ball 1-0: Ground out 5-3 (Groundball, 25, EV 86.9 MPH)
|
Batting: RHB Kevin Davis
|
0-0: Ball 1-0: Foul Ball, location: 2F 1-1: Foul Ball, location: 2F 1-2: Foul Ball, location: 2F 1-2: Ball 2-2: Foul Ball, location: 2F 2-2: Fly out, F8 (Flyball, 8RD, EV 99.4 MPH)
|
Top of the 9th over - 0 runs, 0 hits, 0 errors, 0 left on base; Calgary 3 - Madison 4 |
|